 Dungeon Crawl Stone Soup version 0.30-a0-722-g3e6e8c874d (webtiles) character file.

Game seed: 16847722938049859379

3 theblackgale the Ruffian (level 1, 0/16 HPs)
             Began as a Draconian Transmuter on Jan 27, 2023.
             Succumbed to an adder's poison
             ... on level 2 of the Dungeon.
             The game lasted 00:00:58 (176 turns).

theblackgale the Ruffian (Draconian Transmuter)      Turns: 176, Time: 00:00:59

Health: 0/16       AC:  4    Str: 12    XL:     1   Next: 41%
Magic:  3/3        EV: 12    Int: 13    God:
Gold:   59         SH:  0    Dex: 11    Spells: 3/4 levels left

rFire   . . .      SeeInvis .    c - +0 whip
rCold   . . .      Faith    .    (no shield)
rNeg    . . .      Spirit   .    (body armour unavailable)
rPois   .          Reflect  .    (helmet restricted)
rElec   .          Harm     .    (no cloak)
rCorr   .          Rampage  .    (no gloves)
Will    .....                    (no boots)
Stlth   +                        (no amulet)
HPRegen 0.22/turn                (no ring)
MPRegen 0.08/turn                (no ring)

@: lethally poisoned (0 -> -3)
A: AC +4, unfitting armour, cold-blooded
a: no special abilities


You were on level 2 of the Dungeon.
You visited 1 branch of the dungeon, and saw 2 of its levels.

You collected 59 gold pieces.

Inventory:

Hand Weapons
 c - a +0 whip (weapon)
Scrolls
 b - a scroll of fear {unknown}
 d - a scroll of poison {unknown}
Potions
 a - a potion of lignification


   Skills:
 + Level 1.1 Fighting
 + Level 1.8 Dodging
 + Level 3.0 Unarmed Combat
 + Level 2.1 Spellcasting
 + Level 2.0 Transmutations


You had 3 spell levels left.
You knew the following spells:

 Your Spells              Type           Power      Damage    Failure   Level
a - Beastly Appendage     Tmut           12%        N/A       11%         1

Your spell library contained the following spells:

 Spells                   Type           Power      Damage    Failure   Level
 Wereblood                Tmut           6%         N/A       17%         2
 Spider Form              Tmut/Pois      4%         N/A       45%         3
 Ice Form                 Ice/Tmut       4%         N/A       86%         4


Dungeon Overview and Level Annotations

Branches:
Dungeon (2/15)

Altars:


Innate Abilities, Weirdness & Mutations

Your plain brown scales are hard. (AC +4)
You cannot fit into any form of body armour.
You are cold-blooded and may be slowed by cold attacks.


Message History

Found a stone staircase leading up.
An adder comes into view.
The adder hisses angrily.
You closely miss the adder. Your punch misses the adder.
The adder bites you but does no damage.
You hit the adder but do no damage. The adder bites you but does no damage.
The adder misses you.
You barely miss the adder. The adder bites you but does no damage.
You miss the adder. You punch the adder, but do no damage.
The adder closely misses you. The adder misses you.
You miss the adder.
Your tail-slap misses the adder.
The adder bites you but does no damage.
You closely miss the adder. The adder misses you. The adder bites you.
You are poisoned.
The adder poisons you!
You closely miss the adder.
You feel sick. The adder bites you.
You are lethally poisoned!
The adder poisons you!
You closely miss the adder.
Your tail-slap misses the adder.
You feel very sick. The adder barely misses you. The adder closely misses you.
You hit the adder.
The adder is moderately wounded.
You feel sick. The adder barely misses you.
You closely miss the adder.
The adder is lightly wounded.
* * * LOW HITPOINT WARNING * * *
You feel sick. The adder bites you but does no damage.
The adder barely misses you.
You barely miss the adder.
Your tail-slap misses the adder.
The adder is lightly wounded.
* * * LOW HITPOINT WARNING * * *
You feel sick. The adder closely misses you.
You hit the adder.
The adder is heavily wounded.
* * * LOW HITPOINT WARNING * * *
You feel sick. The adder barely misses you.
You hit the adder.
Your tail-slap misses the adder.
The adder is almost dead.
You die...

#.. #.#
#<# #.#
#.# #.#
#.#
#.#####
#....@#
#####S#
#.# #.#
#.# #.#
#.# #.#


You could see an adder.

Vanquished Creatures
  A ball python (D:1)
  A bat (D:1)
  2 rats (D:1)
4 creatures vanquished.

Notes
Turn   | Place    | Note
-------+----------+-------------------------------------------
     0 | D:1      | theblackgale the Draconian Transmuter began the quest for
                  | the Orb.
     0 | D:1      | Reached XP level 1. HP: 16/16 MP: 3/3
   158 | D:1      | You fall into a shaft and drop 1 floor!
   176 | D:2      | Succumbed to an adder's poison

Illustrated notes

Levels and vault maps discovered:
D:1:      sevenhm_arrival_forest_fort_small_3, layout_basic, feat_on_display
D:2:      layout_loops_ring, hellmonk_ecumenical_altar_run_dry, nicolae_titane

Action                     || total
---------------------------++-------
  Melee: Whip              ||    21
         Punch             ||     2
         Kick              ||     1
         Headbutt          ||     1
   Cast: Beastly Appendage ||     1
 Armour: Skin              ||     7
  Dodge: Dodged            ||    19

Table legend: (Time is in decaauts)
 A = Elapsed time spent in this place.
 B = Non-inter-level travel time spent in this place.
 C = Inter-level travel time spent in this place.
 D = Time resting spent in this place.
 E = Time spent auto-exploring this place.
 F = Levels seen in this place.
 G = Mean time per level.
                   A        B        C        D        E       F      G
               +--------+--------+--------+--------+--------+-----+--------+
         Total |    177 |    109 |     68 |      0 |      0 |   2 |   88.5 |
       Dungeon |    177 |    109 |     68 |      0 |      0 |   2 |   88.5 |
               +--------+--------+--------+--------+--------+-----+--------+

Top non-repeatable levels by time:
     D:1: 158 daAuts
     D:2: 19 daAuts
